Map: Astillero orbital

Players

xXkazperXx - Winner!

  • Race: Zerg Zerg
  • League: Bronze

RANURA DE IA (Muy fácil)

  • Race: Terran Terran

VOD

Have the link to the VOD?

Description

Time

  • Played on: April 2, 2016, 11:50 p.m.
  • Length: 5:00
Show
View Real Time Build Order
Export as new Build Order

xXkazperXx Zerg - Winner!

Build Orders: Pool First 

Get SALT Encoding   

  12  0:01  Drone  
  13  0:12  Drone  
  14  0:27  Spawning Pool  
  13  0:30  Drone  
  14  0:38  Extractor  
  13  0:50  Drone  
  13  0:52  Overlord  
  14  1:14  Queen  
  14  1:16  Zergling x6  
  19  1:25  Evolution Chamber  
  19  1:28  Drone  
  19  1:33  Extractor  
  18  1:40  Drone  
  19  1:52  Metabolic Boost  
  19  2:00  Drone  
  19  2:01  Drone  
  20  2:42  Zergling x6  
  20  2:43  Zergling x2  
  22  2:52  Overlord, Roach Warren  
  22  2:53  Zergling x2  
  22  3:26  Drone x3  
  23  4:04  Zergling x8  
  24  4:25  Hatchery  
  24  4:30  Drone x2  
Show
View Real Time Build Order
Export as new Build Order

RANURA DE IA (Muy fácil) Terran 

Build Orders:  

Get SALT Encoding   

  12  0:00  SCV  
  13  0:13  SCV  
  14  0:20  Supply Depot  
  14  0:37  Refinery  
  14  0:46  Barracks  
  14  1:04  Supply Depot  
  14  1:13  Refinery  
  14  1:33  Marine  
  14  1:34  Orbital Command  
  15  1:52  Barracks Tech Lab  
  15  2:00  SCV  
  16  2:12  SCV  
  16  2:15  Marine  
  18  2:24  SCV  
  18  2:36  SCV  
  14  2:43  Marine  
  13  2:48  SCV  
  14  3:00  SCV  
  15  3:12  SCV  
  16  3:24  SCV  
  16  3:25  Marauder  
  19  3:36  SCV  
  16  3:48  SCV  
  16  3:54  Marine  
  13  4:01  SCV  
  2  4:13  SCV  
  2  4:23  Marauder  
  3  4:25  SCV  
  4  4:37  SCV  
Tags
 
Add a new tag
Caveats
  • Supply blocks, unpowered buildings, or Contaminate may cause inaccurate times.
  • Supply counts are checked every 10 seconds.